 Dungeon Crawl Stone Soup version 0.28-a0-657-g71136c5590 (webtiles) character file.

Game seed: 9123948703466991085

108 mordus the Shield-Bearer (level 5, -18/41 HPs)
             Began as a Formicid Fighter on Oct 13, 2021.
             Blown up by Ijyb (21 damage)
             ... with a mindburst bolt
             ... on level 4 of the Dungeon.
             The game lasted 00:06:48 (2946 turns).

mordus the Shield-Bearer (Formicid Fighter)         Turns: 2946, Time: 00:06:49

Health: -18/41     AC: 14    Str: 21    XL:     5   Next: 12%
Magic:  5/5        EV:  7    Int:  8    God:
Gold:   218        SH:  4    Dex: 10    Spells: 4/4 levels left

rFire   + . .      SeeInvis +   a - +0 long sword
rCold   + . .      Faith    .   c - +0 buckler
rNeg    . . .      Spirit   .   g - +0 chain mail {rPois}
rPois   +          Reflect  .   (helmet unavailable)
rElec   .          Harm     .   j - scarf {rC+ rF+}
rCorr   .          Rampage  .   (no gloves)
Will    .....                   m - +0 pair of boots
Stlth   ..........              (no amulet)
HPRegen 0.13/turn               e - +4 ring of protection
MPRegen 0.09/turn               (no ring)

@: no status effects
A: permanent stasis, dig shafts and tunnels, antennae 3, four strong arms
a: Dig, Shaft Self


You were on level 4 of the Dungeon.
You visited 1 branch of the dungeon, and saw 4 of its levels.

You collected 218 gold pieces.

Inventory:

Hand Weapons
 a - a +0 long sword (weapon)
Missiles
 f - a throwing net
Armour
 b - a +0 scale mail
 c - a +0 buckler (worn)
 g - a +0 chain mail of poison resistance (worn)
 j - a scarf of resistance (worn)
 m - a +0 pair of boots (worn)
Jewellery
 e - a +4 ring of protection (left hand)
Scrolls
 h - a scroll of fog {unknown}
 i - a scroll of teleportation {unknown}
 k - a scroll of fear {unknown}
 o - 5 scrolls of identify {unknown}
Potions
 d - a potion of might
 l - 3 potions of curing {unknown}
 n - 2 potions of attraction {unknown}
 p - a potion of degeneration {unknown}


   Skills:
 - Level 3.2 Fighting
 * Level 3.7 Long Blades
 + Level 4.1 Armour
 + Level 4.5 Shields


You had 4 spell levels left.
You didn't know any spells.
Your spell library was empty.

Dungeon Overview and Level Annotations

Branches:
Dungeon (4/15)
 Temple: D:4-7

Altars:

Annotations:
D:4 Ijyb


Innate Abilities, Weirdness & Mutations

You cannot be hasted, slowed, berserked, paralysed or teleported.
You can dig through walls and to a lower floor.
You have a pair of large antennae on your head. (SInv)
Your four strong arms can wield two-handed weapons with a shield.


Message History

The goblin hits you but does no damage.
You hit the goblin.
You kill the goblin!
No target in view!
o - 5 scrolls labelled CIANOE HUKOERR (gained 1)
You now have 218 gold pieces (gained 16).
You see here a +0 club.
Ijyb the Twisted Goblin comes into view.
She is wielding a +0 dagger and carrying a wand of mindburst (9).
Ijyb shouts!
You hear a shout!
Ijyb zaps a wand.
Your mind is blasted!
Ouch! That really hurt!
* * * LOW HITPOINT WARNING * * *
You are too injured to fight recklessly!
You are too injured to fight recklessly!
Ijyb is nearby!
You are too injured to fight recklessly!
Ijyb is nearby!
You are too injured to fight recklessly!
Ijyb is nearby!
You are too injured to fight recklessly!
There is an open door here.
You close the door.
You see here a +0 hunting sling.
There is an open door here.
You close the door.
You start resting.
Something unseen opens the door.
An orc comes into view. It is wielding a +0 flail.
The orc shouts!
You hear a shout! x2
Ijyb zaps a wand.
Your mind is blasted!
* * * LOW HITPOINT WARNING * * *
There is an open door here.
Ijyb hits you but does no damage.
You barely miss Ijyb. Ijyb hits you but does no damage.
You closely miss Ijyb. Ijyb barely misses you.
You hit Ijyb.
Ijyb is moderately wounded.
Ijyb hits you but does no damage.
Ijyb zaps a wand.
Your mind is blasted!
Ouch! That really hurt!
You die...

................#..>....#
................#.......#
#################......##
#......###).....##
#.......#........#
#.......#........#
#.......#o.......#
#.......'.g......#
#......##@.......#
#......##.......##
+......###########...
#....................
#.)..................
#......##...........
##)######..........
{#......##.......#
#......##.......#####+##


You could see Ijyb and an orc.

Vanquished Creatures
  5 adders
  A worm (D:3)
  A dart slug (D:2)
  3 endoplasms
  A giant cockroach (D:1)
  12 goblins
  9 hobgoblins
  3 quokkas (D:1)
  A ball python (D:1)
  5 bats
  2 frilled lizards
  6 kobolds
  8 rats
57 creatures vanquished.

Vanquished Creatures (others)
  15 plants (D:2)
15 creatures vanquished.

Grand Total: 72 creatures vanquished

Notes
Turn   | Place    | Note
-------+----------+-------------------------------------------
     0 | D:1      | mordus the Formicid Fighter began the quest for the Orb.
     0 | D:1      | Reached XP level 1. HP: 18/18 MP: 1/1
   139 | D:1      | Reached XP level 2. HP: 24/24 MP: 2/2
   786 | D:2      | Reached XP level 3. HP: 29/29 MP: 3/3
  1249 | D:2      | Reached XP level 4. HP: 32/35 MP: 4/4
  1627 | D:2      | Found a faded altar of an unknown god.
  2728 | D:4      | Reached XP level 5. HP: 34/41 MP: 5/5
  2915 | D:4      | Noticed Ijyb
  2942 | D:4      | HP: 2/41 [disintegration (10)]
  2946 | D:4      | Blown up by Ijyb

Illustrated notes

Levels and vault maps discovered:
D:1:      lemuel_arrival_room, layout_basic
D:2:      cheibrodos_greedy_goblins, layout_basic,
          chequers_ecumenical_altar_twisty, hex_tiny, serial_bayou_lake_a
D:3:      layout_basic
D:4:      layout_gridville, serial_shops, shop_statue, uniq_duvessa,
          uniq_grinder, uniq_ijyb

Skill      XL: |  1  2  3  4 |
---------------+-------------+-----
Shields        | 4 |  4.5
Long Blades    | 3 |  3.7
Armour         | 4 |  4.1
Fighting       | |  3.2

Action                   |  1- 3 |  4- 6 || total
-------------------------+-------+-------++-------
Melee: Long sword        |   100 |   116 ||   216
Armor: Scale mail        |     6 |       ||     6
       Chain mail        |    69 |    72 ||   141
Dodge: Dodged            |    33 |    38 ||    71
Block: Buckler           |    22 |    23 ||    45

Table legend: (Time is in decaauts)
 A = Elapsed time spent in this place.
 B = Non-inter-level travel time spent in this place.
 C = Inter-level travel time spent in this place.
 D = Time resting spent in this place.
 E = Time spent auto-exploring this place.
 F = Levels seen in this place.
 G = Mean time per level.
                   A        B        C        D        E       F      G
               +--------+--------+--------+--------+--------+-----+--------+
         Total |   3031 |   2973 |     58 |    267 |   2116 |   4 |  757.8 |
       Dungeon |   3031 |   2973 |     58 |    267 |   2116 |   4 |  757.8 |
               +--------+--------+--------+--------+--------+-----+--------+

Top non-repeatable levels by time:
     D:2: 1467 daAuts
     D:1: 692 daAuts
     D:3: 625 daAuts
     D:4: 245 daAuts
